Description

Slightly safer ZvZ opener

VOD

https://www.youtube.com/watch?v=2aDsQs5Rn98

Replay - SortOf New Standard ZvZ

Build Order

Get SALT Encoding   

  6  0:00  Drone  
  13  0:08  Drone  
  13  0:13  Extractor  Extractor trick
  13  0:14  Drone  Rally to natural
  15  0:22  Overlord  Rally to their 3rd
  15  0:41  Hatchery  
  14  0:45  Drone x2  
  16  0:52  Drone  
  17  1:06  Spawning Pool  
  17  1:07  Extractor  Optional: Take at 16 supply, right after spawning pool
  16  1:11  Drone x2  
  16  1:18  Drone  
  18  1:28  Drone  
  20  1:52  Queen x2  Inject with both queens twice, then 1 creep tumor
  26  2:00  Overlord  Rally to your 3rd
  26  2:03  Zergling x2  Scout their 3rd + natural + main with these
  27  2:11  Metabolic Boost  Pull 1 drone out of gas
  32  2:37  Hatchery  
  32  2:44  Baneling Nest  
  32  2:48  Overlord  
  31  2:56  Zergling x2  
  41  3:15  Overlord  
  41  3:23  Queen  
  44  3:31  Roach Warren  Can delay this to 3:40 if you want to make more drones first
  46  3:39  Baneling  
  49  3:43  Zergling x4  
  49  3:48  Extractor  
  53  3:55  Overlord  
  53  3:56  Evolution Chamber  
  53  4:07  Lair  
  61  4:25  Extractor  
  61  4:28  Zerg Missile Weapons Level 1  Start 2nd evo chamber when this is close to finishing
  61  4:30  Extractor  
  72  4:48  Pneumatized Carapace  
  74  4:54  Evolution Chamber  
  74  4:56  Baneling  
  74  4:59  Extractor x2  
  72  5:00  Hatchery  
  74  5:10  Glial Reconstitution  
  74  5:13  Roach x3  
  74  5:14  Overseer  
  81  5:19  Roach x3  
  89  5:36  Roach x4  
  111  5:57  Ravager x3  
  138  6:22  Ravager  
Spawning Tool Build Advisor. Get it on Overwolf

Go to:

Details

  • Created by: flashandfoul
  • Published on: Apr 05, 2026
  • Modified on: Apr 09, 2026
  • Patch: 5.0.11
  • Difficulty: Medium
Show
View Real Time Build Order
Export as new Build Order

Comments (0)

There are no comments. Be the first!

Create an account to comment!